 Dungeon Crawl Stone Soup version 0.17.1-1-g73c8601 (webtiles) character file.

155 Mysteryquy the Magician (level 4, -7/33 HPs)
             Began as a Demigod Fire Elementalist on Jan 5, 2016.
             Mangled by Sigmund
             ... wielding a +0 scythe
              (9 damage)
             ... on level 3 of the Dungeon.
             The game lasted 00:06:18 (3584 turns).

Mysteryquy the Magician (Demigod Fire Elementalist) Turns: 3584, Time: 00:06:18

Health: -7/33      AC:  4    Str: 11    XL:     4   Next: 90%
Magic:  11/12      EV: 12    Int: 21    God:
Gold:   156        SH:  0    Dex: 16    Spells: 2 memorised, 6 levels left

rFire  . . .     SeeInvis .     d - +0 whip
rCold  . . .     Clarity  .     a - +0 robe
rNeg   . . .     SustAt   +     (no shield)
rPois  .         Gourm    .     k - +0 helmet
rElec  .         Spirit   .     (no cloak)
rCorr  .         Warding  .     (no gloves)
rMut   .         Stasis   .     r - +0 pair of boots
MR     .....                    (no amulet)
Stlth  ++........               (no ring)
                                (no ring)

@: not resistant to hostile enchantments, unstealthy
A: high mp 1, sustain attributes
a: no special abilities


You were on level 3 of the Dungeon.
You were hungry.

You visited 1 branch of the dungeon, and saw 3 of its levels.

You collected 156 gold pieces.

Inventory:

Hand Weapons
 d - a +0 whip (weapon)
Armour
 a - a +0 robe (worn)
 k - a +0 helmet (worn)
 r - a +0 pair of boots (worn)
Jewellery
 g - a +4 ring of slaying {unknown}
Wands
 q - a wand of magic darts (29)
 t - a wand of magic darts (23)
Scrolls
 f - a scroll of random uselessness {unknown}
 h - 3 scrolls of identify {unknown}
 l - 3 scrolls of remove curse {unknown}
 p - a scroll of enchant weapon {unknown}
 u - a scroll of teleportation {unknown}
Potions
 e - 2 potions of agility {unknown}
 i - a potion of haste {unknown}
 m - a potion of degeneration {unknown}
 o - 2 potions of brilliance {unknown}
 s - 2 potions of ambrosia {unknown}
Books
 b - a book of Flames

   Spells                             Type                      Level
   a - Flame Tongue                   Conjuration/Fire             1
   b - Throw Flame                    Conjuration/Fire             2
   c - Conjure Flame                  Conjuration/Fire             3
   d - Inner Flame                    Hexes/Fire                   3
   e - Sticky Flame                   Conjuration/Fire             4
   f - Fireball                       Conjuration/Fire             5
 n - a book of the Sky

   Spells                             Type                      Level
   a - Summon Lightning Spire         Summoning/Air                4
   b - Airstrike                      Air                          4
   c - Silence                        Hexes/Air                    5
   d - Deflect Missiles               Charms/Air                   6
   e - Conjure Ball Lightning         Conjuration/Air              6
   f - Tornado                        Air                          9
Comestibles
 c - a bread ration
 j - a beef jerky


   Skills:
 - Level 1.7 Dodging
 - Level 1.7 Stealth
 * Level 3.5 Spellcasting
 + Level 2.0 Conjurations
 + Level 3.4 Fire Magic


You had 6 spell levels left.
You knew the following spells:

 Your Spells              Type           Power        Failure   Level  Hunger
a - Flame Tongue          Conj/Fire      ###..        4%          1    None
b - Conjure Flame         Conj/Fire      ###.....     14%         3    ###....


Dungeon Overview and Level Annotations

Branches:
Dungeon (3/15)

Annotations:
D:3 Sigmund


Innate Abilities, Weirdness & Mutations

You have an increased reservoir of magic (+10% MP).
Your attributes are resistant to harm.


Message History

A puff of flame appears from out of thin air!
The puff of flame hits you!
* * * LOW HITPOINT WARNING * * *
The giant cockroach waves its antennae.
The giant cockroach closely misses you.
You closely miss the giant cockroach.
The giant cockroach is lightly wounded.
Something barely misses you.
The giant cockroach bites you but does no damage.
Casting: Flame Tongue
Confirm with . or Enter, or press ? or * to list all spells.
Aiming: Flame Tongue
Press: ? - help, Shift-Dir - straight line, f - giant cockroach
Aim: a giant cockroach (lightly wounded, clinging)
The flame tongue hits the giant cockroach.
You kill the giant cockroach!
Something hits you.
* * * LOW HITPOINT WARNING * * *
You start resting.
Something hits you!
You die...

.......#
#####..#### #.....#
### #..##.######.##
#...........#.#
#####...#.######.##
.<.......# #{#
##.#..{#.# #.#
#.......# #@#
####.#### #†# #.#
#.# #'# ... ... ...
..... #.##. .@...$.
#. . ......... #.
.. +.........+


There were no monsters in sight!

Vanquished Creatures
  An orc wizard (D:3)
  Terence (D:2)
  An adder (D:2)
  3 gnolls (D:2)
  A worm (D:2)
  3 orcs
  7 hobgoblins
  4 jackals (D:2)
  A quokka (D:2)
  7 bats
  4 giant cockroaches
  A giant cockroach zombie (D:3)
  A giant gecko (D:3)
  2 giant newts
  6 goblins
  11 kobolds
  7 rats
61 creatures vanquished.

Notes
Turn   | Place    | Note
--------------------------------------------------------------
     0 | D:1      | Mysteryquy the Demigod Fire Elementalist began the quest for the Orb.
     0 | D:1      | Reached XP level 1. HP: 14/14 MP: 5/5
    22 | D:1      | Reached skill level 1 in Conjurations
   485 | D:1      | Reached XP level 2. HP: 15/20 MP: 3/7
  1184 | D:2      | Reached skill level 3 in Fire Magic
  1184 | D:2      | Reached XP level 3. HP: 22/26 MP: 3/9
  1554 | D:2      | Noticed Terence
  1562 | D:2      | Learned a level 3 spell: Conjure Flame
  1637 | D:1      | HP: 1/26 [bat (1)]
  2180 | D:2      | Reached XP level 4. HP: 33/33 MP: 9/11
  2448 | D:2      | Killed Terence
  3553 | D:3      | Noticed Sigmund
  3584 | D:3      | Mangled by Sigmund

Action                   |  1- 3 |  4- 6 || total
-------------------------+-------+-------++-------
Melee: Unarmed           |     7 |       ||     7
       Whip              |    16 |    14 ||    30
 Cast: Flame Tongue      |    89 |    60 ||   149
       Conjure Flame     |     1 |     1 ||     2
  Eat: Chunk             |     4 |     2 ||     6
       Royal jelly       |       |     1 ||     1
